 Dungeon Crawl Stone Soup version 0.21-a0-529-g8c7b3f5 (webtiles) character file.

350 slep the Chopper (level 6, -2/51 HPs)
             Began as a Minotaur Gladiator on Dec 11, 2017.
             Slain by Duvessa
             ... wielding a +0 short sword
              (3 damage)
             ... on level 4 of the Dungeon.
             The game lasted 00:06:29 (1857 turns).

slep the Chopper (Minotaur Gladiator)               Turns: 1857, Time: 00:06:29

Health: -2/51      AC:  3    Str: 18    XL:     6   Next: 33%
Magic:  5/5        EV: 14    Int:  5    God:
Gold:   119        SH:  0    Dex: 14    Spells: 5/5 levels left

rFire    . . .     SeeInvis .   a - +0 war axe
rCold    . . .     Gourm    .   (no shield)
rNeg     . . .     Faith    .   b - +0 leather armour
rPois    .         Spirit   .   c - +0 hat
rElec    .         Reflect  .   (no cloak)
rCorr    .         Harm     .   (no gloves)
MR       .....                  (no boots)
Stlth    +.........             (no amulet)
HPRegen  0.17/turn              (no ring)
MPRegen  0.09/turn              (no ring)

@: glowing
A: retaliatory headbutt, horns 2
a: no special abilities


You were on level 4 of the Dungeon.
You were not hungry.

You visited 1 branch of the dungeon, and saw 4 of its levels.

You collected 119 gold pieces.

Inventory:

Hand Weapons
 a - a +0 war axe (weapon)
Missiles
 d - 3 throwing nets (quivered)
Armour
 b - a +0 leather armour (worn)
 c - a +0 hat (worn)
Scrolls
 g - a scroll of immolation {unknown}
 h - 2 scrolls of random uselessness {unknown}
 i - 2 scrolls of enchant weapon {unknown}
 k - 3 scrolls of teleportation {unknown}
 l - a scroll of noise {unknown}
 o - 2 scrolls of fog {unknown}
 p - 4 scrolls of identify {unknown}
 q - a scroll of remove curse {unknown}
 r - a scroll of fear {unknown}
 w - a scroll of enchant armour {unknown}
Potions
 e - a potion of curing {unknown}
 m - 2 potions of agility {unknown}
 n - a potion of might {unknown}
 t - a potion of degeneration {unknown}
 u - a potion of berserk rage {unknown}
 x - a potion of mutation {unknown}
Comestibles
 f - 5 bread rations
 j - 4 meat rations
 s - a royal jelly
 v - a chunk of flesh


   Skills:
 + Level 3.3 Fighting
 + Level 6.1 Axes
 + Level 2.4 Throwing
 + Level 3.0 Armour
 + Level 4.8 Dodging
 + Level 0.9 Stealth


You had 5 spell levels left.
You didn't know any spells.

Dungeon Overview and Level Annotations

Branches:
Dungeon (4/15)
 Temple: D:4-7

Altars:
Dithmenos
Gozag

Shops:
D:3 *

Annotations:
D:4 Dowan, Duvessa


Innate Abilities, Weirdness & Mutations

You reflexively headbutt those who attack you in melee.
You have a pair of horns on your head.


Message History

Dowan gestures at you while chanting. The puff of flame misses you.
The puff of flame hits Duvessa.
Duvessa resists.
Duvessa hits you with a short sword.
* * * LOW HITPOINT WARNING * * *
You slash Dowan!
Dowan is heavily wounded.
You hit Duvessa but do no damage. Dowan misses you.
Duvessa says, "My weaknesses are his strengths!"
Duvessa hits you but does no damage.
Dowan points at you and mumbles some strange words.
You are outlined in light.
You closely miss Dowan.
Dowan is heavily wounded.
You barely miss Duvessa. Duvessa hits you with a short sword.
* * * LOW HITPOINT WARNING * * *
Dowan hits you but does no damage.
You barely miss Dowan. Your headbutt misses Dowan.
Dowan is heavily wounded.
You closely miss Duvessa. Duvessa hits you with a short sword.
You die...

##.#####.##.#.....(..
#....# #.##.#####.###
#####..#.# #.##.# .#
...[...#.# #.##.# #
.......#.# #.##.#
.......#.# #.##.##
......##.# #.#.).##
#.....##.###......##.###
###.####.......e@e.....#
#.# ####.#.....##.#.#
#.# #.##...## #.#
#.###.## #.# #.# #..#
###<# #.# ##.# ....# #.#
.# ##### #.# .. #..


You could see Duvessa and Dowan.

Vanquished Creatures
  A hungry ghost (D:4)
  A centaur (D:4)
  An orc priest (D:3)
  A howler monkey skeleton (D:2)
  An adder (D:3)
  2 oozes (D:1)
  2 worms
  A dart slug (D:1)
  5 leopard geckos
  3 orcs (D:3)
  3 ball pythons
  8 bats
  3 giant cockroaches
  6 goblins
  4 hobgoblins
  9 jackals
  8 kobolds
  3 quokkas
  4 frilled lizards
  A leopard gecko skeleton (D:3)
  4 rats
71 creatures vanquished.

Notes
Turn   | Place    | Note
-------+----------+-------------------------------------------
     0 | D:1      | slep the Minotaur Gladiator began the quest for the Orb.
     0 | D:1      | Reached XP level 1. HP: 18/18 MP: 0/0
    94 | D:1      | Reached XP level 2. HP: 17/25 MP: 1/1
   232 | D:1      | Reached skill level 4 in Axes
   265 | D:1      | Reached XP level 3. HP: 26/30 MP: 2/2
   530 | D:2      | Reached skill level 1 in Armour
   636 | D:2      | Found a shadowy altar of Dithmenos.
   795 | D:2      | Reached XP level 4. HP: 27/37 MP: 3/3
  1254 | D:3      | Found an opulent altar of Gozag.
  1256 | D:3      | Found Gozag's Platinum Reserve.
  1453 | D:3      | Reached skill level 5 in Axes
  1453 | D:3      | Reached XP level 5. HP: 37/44 MP: 4/4
  1732 | D:4      | Noticed a hungry ghost
  1747 | D:4      | Noticed a centaur
  1753 | D:4      | Killed a hungry ghost
  1753 | D:4      | Reached XP level 6. HP: 15/51 MP: 5/5
  1755 | D:4      | Reached skill level 6 in Axes
  1845 | D:4      | Noticed Dowan
  1847 | D:4      | Noticed Duvessa
  1854 | D:4      | HP: 2/51 [Duvessa/short sword (2)]
  1857 | D:4      | Slain by Duvessa

Vault maps used:
D:1:      minmay_arrival_arboretum_small, serial_curves, eino_curves_03,
          eino_curves_03, minmay_pentomino_q4
D:2:      nicolae_overflow_hidden_temple
D:3:      nicolae_gozag_zags_fifth_avenue
D:4:      nicolae_ru_awakened_eye, grunt_decor_mini_mirrors, uniq_duvessa

Skill      XL: |  1  2  3  4  5  6 |
---------------+-------------------+-----
Axes           | 4 5 6 |  6.1
Dodging        | 4 |  4.8
Armour         | 1 2 3 |  3.0
Fighting       | 3 |  3.3
Throwing       | |  2.4
Stealth        | |  0.9

Action                   |  1- 3 |  4- 6 || total
-------------------------+-------+-------++-------
Melee: War axe           |    72 |    88 ||   160
       Headbutt          |     8 |    10 ||    18
 Stab: Sleeping          |     1 |     1 ||     2
  Eat: Chunk             |       |     5 ||     5
Armor: Leather armour    |    19 |    21 ||    40
Dodge: Dodged            |    73 |    82 ||   155

Table legend:
 A = Spawn XP
 B = Non-spawn XP
 C = Spawn XP percentage of total XP
 D = Spawn monster count
 E = Non-spawn monster count
 F = Spawn count percentage of total count
 G = Total turns spent on level
                    A         B        C        D         E        F      G
               +---------+---------+-------+---------+---------+-------+---------
         Total |       0 |     500 |   0.0 |       0 |      71 |   0.0 |  1857
               +---------+---------+-------+---------+---------+-------+---------
           D:1 |       0 |      59 |   0.0 |       0 |      25 |   0.0 |   439
           D:2 |       0 |      45 |   0.0 |       0 |      16 |   0.0 |   606
           D:3 |       0 |     107 |   0.0 |       0 |      28 |   0.0 |   670
           D:4 |       0 |     289 |   0.0 |       0 |       2 |   0.0 |   142
               +---------+---------+-------+---------+---------+-------+---------
